 Dungeon Crawl Stone Soup version 0.23-a0-451-g1044d4c (webtiles) character file.

175 royalsmiley the Chopper (level 5, -1/49 HPs)
             Began as a Deep Dwarf Fighter on Oct 8, 2018.
             Slain by a slave (2 damage)
             ... led by Pikel
             ... on level 4 of the Dungeon on Nov 24, 2018.
             The game lasted 00:04:43 (2489 turns).

royalsmiley the Chopper (Deep Dwarf Fighter)        Turns: 2489, Time: 00:04:43

Health: -1/49      AC:  7    Str: 21    XL:     5   Next: 29%
Magic:  5/5        EV:  7    Int:  8    God:
Gold:   87         SH:  9    Dex: 12    Spells: 4/4 levels left

rFire    . . .     SeeInvis .   a - +0 war axe
rCold    . . .     Gourm    .   c - +0 shield
rNeg     . . .     Faith    .   b - +0 scale mail
rPois    .         Spirit   .   (no helmet)
rElec    .         Reflect  .   (no cloak)
rCorr    .         Harm     .   (no gloves)
MR       .....                  (no boots)
Stlth    ..........             (no amulet)
HPRegen  0.00/turn              (no ring)
MPRegen  0.09/turn              (no ring)

@: non-regenerating
A: damage resistance, heal wounds, sense surroundings 1, no regeneration
a: Heal Wounds


You were on level 4 of the Dungeon.
You were not hungry.

You visited 1 branch of the dungeon, and saw 4 of its levels.

You collected 87 gold pieces.

Inventory:

Hand Weapons
 a - a +0 war axe (weapon)
 g - a +0 hand axe of flaming
Armour
 b - a +0 scale mail (worn)
 c - a +0 shield (worn)
Jewellery
 i - a +3 ring of protection {unknown}
 q - an uncursed ring of poison resistance {unknown}
Wands
 n - a wand of scattershot (6)
Scrolls
 e - 2 scrolls of identify
 p - a scroll of teleportation {unknown}
 t - a scroll of enchant weapon {unknown}
 u - a scroll of fog {unknown}
 v - a scroll of random uselessness {unknown}
 w - a scroll of magic mapping {unknown}
Potions
 d - a potion of might
 h - 2 potions of heal wounds {unknown}
 j - a potion of berserk rage {unknown}
 k - a potion of agility {unknown}
 l - 2 potions of flight {unknown}
 m - a potion of ambrosia {unknown}
 o - a potion of degeneration {unknown}
 r - a potion of lignification {unknown}
 s - 2 potions of curing {unknown}
Comestibles
 f - 3 rations


   Skills:
 + Level 3.5 Fighting
 + Level 4.2 Axes
 + Level 4.0 Armour
 + Level 0.2 Dodging
 + Level 0.5 Stealth
 + Level 4.0 Shields


You had 4 spell levels left.
You didn't know any spells.
Your spell library was empty.

Dungeon Overview and Level Annotations

Branches:
Dungeon (4/15)
 Temple: D:4-7

Altars:
Nemelex Xobeh

Annotations:
D:4 Pikel


Innate Abilities, Weirdness & Mutations

You are resistant to damage.
You can heal yourself by infusing magical energy.
You passively map a small area around you.
You do not regenerate.


Message History

Your shield and scale mail prevent you from hitting the slave.
The orc priest miscasts a cantrip.
You block the slave's attack.
You barely miss the orc. You slash the slave!
The orc priest miscasts a cantrip.
You block the orc's attack. The slave closely misses you.
You slash the orc!
You kill the orc!
You hit the slave. The slave hits you.
A quokka comes into view.
The orc priest casts a cantrip, but nothing happens.
Pikel the Slaver comes into view.
He is wielding a +0 whip of electrocution.
You barely miss the slave.
Your shield and scale mail prevent you from hitting Pikel.
The slave hits you.
* * * LOW HITPOINT WARNING * * *
The slave barely misses you.
You barely miss the slave. You miss Pikel. Pikel barely misses you.
The slave hits you.
You die...

#.........#
#.........#
#.........#
** *
#.........#
,,
#..†.<....# ,
,
,*##.(#######
##..# *,#...#
#@..# * ,
#...poKp### *
** .....rSo#
#......## *
#...... * *
#...... ,
..#..## ,
...[., ,, ,


You could see Pikel, 2 slaves, an orc priest, an adder, an orc and a quokka.

Vanquished Creatures
  2 orc priests
  An orc wizard (D:3)
  Robin (D:2)
  An adder (D:3)
  An ooze (D:3)
  A leopard gecko (D:1)
  5 orcs
  4 giant cockroaches
  15 goblins
  4 hobgoblins
  5 jackals
  5 kobolds
  A quokka (D:2)
  2 frilled lizards
  16 rats
64 creatures vanquished.

Notes
Turn   | Place    | Note
-------+----------+-------------------------------------------
     0 | D:1      | royalsmiley the Deep Dwarf Fighter began the quest for the
                  | Orb.
     0 | D:1      | Reached XP level 1. HP: 20/20 MP: 1/1
   180 | D:1      | Reached XP level 2. HP: 27/27 MP: 2/2
  1015 | D:2      | Found a sparkling altar of Nemelex Xobeh.
  1044 | D:2      | Noticed Robin
  1046 | D:2      | Reached XP level 3. HP: 27/34 MP: 3/3
  1068 | D:2      | Killed Robin
  1505 | D:3      | Reached XP level 4. HP: 23/42 MP: 4/4
  1850 | D:3      | Reached XP level 5. HP: 34/49 MP: 5/5
  2474 | D:4      | Upgraded the game from 0.23-a0-303-gfcac5de to
                  | 0.23-a0-451-g1044d4c
  2481 | D:4      | Noticed a slave
  2482 | D:4      | Noticed a slave
  2483 | D:4      | Noticed a slave
  2483 | D:4      | Noticed a slave
  2488 | D:4      | Noticed Pikel
  2488 | D:4      | HP: 1/49 [slave[Pikel] (2)]
  2489 | D:4      | Slain by a slave

Vault maps used:
D:1:      onia_arrival_larder, minmay_misc_feat_rows, minivault_27
D:2:      nicolae_overflow_crystal_walls, chequers_big_river, uniq_robin
D:3:      cheibrodos_old_hovel
D:4:      grunt_temple_overflow_diamond, first_ration, serial_bayou_pond_b,
          uniq_crazy_yiuf_cottage, uniq_blork_the_orc, uniq_pikel

Skill      XL: |  1  2  3  4  5 |
---------------+----------------+-----
Fighting       | 3 |  3.5
Axes           | 3 4 |  4.2
Armour         | 4 |  4.0
Shields        | 4 |  4.0
Dodging        | |  0.2
Stealth        | |  0.5

Action                   |  1- 3 |  4- 6 || total
-------------------------+-------+-------++-------
Melee: War axe           |   130 |    54 ||   184
 Abil: Heal Wounds       |       |     1 ||     1
  Use: Scroll            |     1 |       ||     1
  Eat: Chunk             |     2 |     1 ||     3
       Ration            |       |     1 ||     1
Armor: Scale mail        |    55 |    18 ||    73
Dodge: Dodged            |    47 |    21 ||    68
Block: Shield            |    72 |    20 ||    92

Table legend:
 A = Non-vault XP
 B = Vault XP
 C = Vault XP percentage of total XP
 D = Non-vault monster count
 E = Vault monster count
 F = Vault count percentage of total count
                 A         B        C        D         E       F
            +---------+---------+-------+---------+---------+-------
      Total |     200 |      50 |  20.0 |      44 |      20 |  31.2
            +---------+---------+-------+---------+---------+-------
        D:1 |      26 |       8 |  23.5 |      15 |       7 |  31.8
        D:2 |      20 |      35 |  63.6 |      15 |      12 |  44.4
        D:3 |     108 |       7 |   6.1 |      11 |       1 |   8.3
        D:4 |      46 |       0 |   0.0 |       3 |       0 |   0.0
            +---------+---------+-------+---------+---------+-------
